 Dungeon Crawl Stone Soup version 0.17-a0-1853-ge1bd2c8 (webtiles) character file.

556620 Grim the Slayer (level 25, -8/253 HPs)
             Began as a Minotaur Berserker on Sept 19, 2015.
             Was the Champion of the Shining One.
             Killed from afar by a storm dragon (18 damage)
             ... with a bolt of lightning
             ... on level 5 of the Vaults on Sept 20, 2015.
             The game lasted 04:57:23 (88992 turns).

Grim the Slayer (Minotaur Berserker)               Turns: 88992, Time: 04:57:24

Health: -8/253     AC: 45    Str: 26    XL:     25   Next: 71%
Magic:  10/29      EV: 16    Int: 16    God:    the Shining One [******]
Gold:   2318       SH: 12    Dex: 15    Spells: 7 memorised, 2 levels left

rFire  . . .     SeeInvis +     a - +9 great mace of Subterfuge {crush, +Inv MR+ Int+2}
rCold  + + .     Clarity  +     L - +10 crystal plate armour
rNeg   + + +     SustAt   .     (no shield)
rPois  .         Gourm    .     u - +1 hat {Int+3}
rElec  .         Spirit   .     O - +1 cloak
rCorr  .         Warding  .     H - +2 pair of gloves {archery}
rMut   .         Stasis   .     Y - +0 pair of boots {Fly}
MR     ++...                    l - amulet of clarity
Stlth  ..........               v - ring of protection from cold
                                K - ring "Qoumousuf" {rC+ Str+4 SInv Stlth+}

@: divine shield, glowing, very resistant to hostile enchantments, extremely
unstealthy
A: retaliatory headbutt, horns 2
a: Divine Shield, Cleansing Flame, Summon Divine Warrior, Renounce Religion,
Evoke Invisibility, Evoke Flight
}: 2/15 runes: serpentine, barnacled


You were on level 5 of the Vaults.
You worshipped the Shining One.
The Shining One was exalted by your worship.
You were not hungry.

You visited 11 branches of the dungeon, and saw 52 of its levels.
You also visited: Volcano.

You collected 6323 gold pieces.
You spent 4005 gold pieces at shops.

Inventory:

Hand weapons
 a - the +9 great mace of Subterfuge (weapon) {crush, +Inv MR+ Int+2}
   (Trog gifted it to you on level 1 of the Lair of Beasts)

   It inflicts extra damage upon your enemies.
   It affects your intelligence (+2).
   It affects your resistance to hostile enchantments.
   It lets you turn invisible.
 b - the +12 longbow "Iviepav" {velocity, rC- rN+ Str+4}
   (Trog gifted it to you on level 1 of the Vaults)

   Any arrow fired from it inflicts extra damage.
   It affects your strength (+4).
   It makes you vulnerable to cold.
   It protects you from negative energy.
 g - a +9 sacred scourge of holy wrath
Missiles
 e - 1268 arrows
 m - 30 arrows of dispersal
 Q - 177 arrows of flame
 V - 96 arrows of frost
Armour
 u - a +1 hat of intelligence (worn)
 w - a +1 buckler of protection
 H - a +2 pair of gloves of archery (worn)
 L - a +10 crystal plate armour (worn)
 O - a +1 cloak (worn)
 Y - a +0 pair of boots of flying (worn)
Jewellery
 d - an uncursed ring of sustain attributes
 l - an amulet of clarity (around neck)
 n - the amulet of Beru {+Rage rF+}
   (You took it off a frost giant on level 3 of the Depths)

   [amulet of rage]

   It protects you from fire.
   It lets you go berserk.
 v - a ring of protection from cold (right hand)
 F - an uncursed ring of protection from fire
 K - the ring "Qoumousuf" (left hand) {rC+ Str+4 SInv Stlth+}
   (You bought it in a shop on level 4 of the Orcish Mines)

   [ring of stealth]

   It affects your strength (+4).
   It protects you from cold.
   It lets you see invisible.
   It makes you more stealthy.
Magical devices
 c - a wand of disintegration (11)
 q - a wand of fireball (13)
 E - a wand of teleportation (3)
Scrolls
 f - 6 scrolls of immolation
 h - 7 scrolls of fog
 i - 10 scrolls of remove curse
 s - a scroll of enchant weapon
 G - a scroll of amnesia
 I - 8 scrolls of magic mapping
 P - 8 scrolls of recharging
 T - 2 scrolls of silence
 X - 2 scrolls of fear
Potions
 o - 4 potions of magic
 p - a potion of cure mutation {!q}
 x - 3 potions of cancellation
 z - a potion of flight
 A - 7 potions of curing
 B - 3 potions of resistance
 C - a potion of haste
 D - 3 potions of might
 M - 9 potions of brilliance
 N - 8 potions of ambrosia
 W - 4 potions of agility
Miscellaneous
 j - an ornate deck of summoning
 t - a legendary deck of summoning
Comestibles
 k - 9 royal jellies
 r - 3 beef jerkies
 R - 2 fruits
 S - 5 bread rations
 Z - 3 slices of pizza


   Skills:
 * Level 26.0 Fighting
 - Level 21.9 Maces & Flails
 - Level 20.0 Bows
 - Level 19.3 Armour
 - Level 20.8 Dodging
 - Level 5.6 Shields
 - Level 10.4 Invocations
 + Level 6.2 Evocations


You had 2 spell levels left.
You knew the following spells:

 Your Spells              Type           Power        Failure   Level  Hunger
a - Apportation           Tloc           #.........   100%        1    ##.....
b - Shroud of Golubria    Chrm/Tloc      #.........   100%        2    ###....
c - Blink                 Tloc           N/A          100%        2    ###....
d - Portal Projectile     Tloc           #.....       100%        3    ####...
e - Deflect Missiles      Chrm/Air       #.........   100%        6    #######
f - Haste                 Chrm           #.......     100%        6    #######
g - Repel Missiles        Chrm/Air       #.....       100%        2    ###....


Dungeon Overview and Level Annotations

Branches:
Dungeon (15/15)            Temple (1/1) D:5            Lair (8/8) D:8
 Shoals (4/4) Lair:6        Snake (4/4) Lair:5        Slime (0/6) Lair:7
    Orc (4/4) D:12            Elf (2/3) Orc:4        Vaults (5/5) D:13
  Crypt (3/3) Vaults:3       Tomb (1/3) Crypt:3      Depths (5/5) D:15
    Zot (0/5) Depths:5

Altars:
Ashenzari
Cheibriados
Dithmenos
Elyvilon
Fedhas
Gozag
Kikubaaqudgha
Makhleb
Nemelex Xobeh
Okawaru
Qazlal
Sif Muna
Trog
Vehumet
Xom
Yredelemnul
Zin
The Shining One
Beogh
Jiyva

Shops:
D:12 !   D:14 (   Orc:1 (   Orc:4 [=[*(   Elf:1 }([}   Shoals:3 [   Shoals:4 (
Vaults:4 %   Depths:1 (}(:

Portals:
Hell: Depths:1 Depths:2 Depths:3 Depths:4 Depths:5
Abyss: Depths:2 Depths:3 Depths:4
Pandemonium: Depths:3
Ziggurat: Depths:1
Trove: Elf:1 (give 11 potions of heal wounds)

Annotations:
Vaults:5 ZiggyStardust's ghost, great FoFi


Innate Abilities, Weirdness & Mutations

You reflexively headbutt those who attack you in melee.
You have a pair of horns on your head.


Message History

The Shining One protects you from harm!
The frost giant hits you but does no damage.
The storm dragon breathes lightning at you.
The bolt of lightning hits you!
* * * LOW HITPOINT WARNING * * *
Use which ability?
You are momentarily dazzled by a brilliant light.
You feel somewhat more hungry. The stone giant barely misses you.
You furiously retaliate!
You headbutt the stone giant. The storm dragon closely misses you.
The storm dragon claws you but does no damage.
The storm dragon tramples you but does no damage.
Use which ability?
A divine shield forms around you!
You feel slightly more hungry. You block the frost giant's attack.
The frost giant closely misses your daeva.
You hear a distant "Zot"!
The storm dragon breathes lightning at you.
The bolt of lightning hits you!
You die...

$.... #####
################
.ยง
....#......#....
D..
.....(...........
.....
............e...
....# #......#
... ...##
##..()## ...#
#...CD.#.....
#..(A@C......
#....(.......
#............
#.[....#.....
#########...#
.... ... ..


You could see a storm dragon, a frost giant, a stone giant and a friendly daeva.

Vanquished Creatures
  Khufu (Crypt:3)
  Frederick (Depths:3)
  A caustic shrike (Depths:3)
  3 golden dragons
  Nikola (Shoals:4)
  Jory (Depths:2)
  Xtahua (Depths:5)
  A bone dragon (Crypt:3)
  A profane servitor (Crypt:3)
  2 tentacled monstrosities
  Rupert (Lair:4)
  5 liches
  A titan (Depths:3)
  8 sphinxes
  A kraken (Shoals:2)
  Gastronok (Lair:3)
  4 ancient champions
  The ghost of Restia the Fencer, a mighty FoFi of Qazlal (D:15)
  Frances (Shoals:2)
  11 greater nagas
  A draconian monk (Depths:5)
  2 shadow dragons
  2 revenants
  Roxanne (Shoals:2)
  Ilsuiw (Shoals:4)
  Wiglaf (Snake:3)
  3 tengu reavers
  A frost giant (shapeshifter) (Depths:3)
  A storm dragon (Depths:3)
  Donald (Shoals:1)
  7 vault wardens
  An iron dragon (Depths:3)
  11 frost giants
  Maud (D:12)
  A draconian scorcher (Depths:5)
  2 ghost moths (Depths:2)
  A balrug (Depths:1)
  Louise (Shoals:1)
  12 fire giants
  9 ghouls
  A war gargoyle (Vaults:5)
  27 stone giants
  3 spriggan defenders (Depths:3)
  4 reapers
  A caustic shrike skeleton (Crypt:1)
  15 vampire knights
  12 ironheart preservers
  A deep elf demonologist (Elf:2)
  2 bennus (Tomb:1)
  A salamander firebrand (Depths:4)
  14 very ugly things
  A deep elf annihilator (Vaults:5)
  2 salamander stormcallers
  A dire elephant (D:15)
  A mottled draconian (Depths:5)
  4 red draconians (Depths:5)
  3 eidola
  4 deep elf death magi
  Snorg (D:13)
  2 mummy priests (Crypt:3)
  A green death (Crypt:1)
  6 ettins
  6 merfolk javelineers
  8 great orbs of eyes
  27 vault guards
  8 merfolk impalers
  A crystal guardian (Vaults:4)
  13 yaktaur captains
  Josephine (Snake:1)
  6 fire dragons
  13 jiangshi (Crypt:3)
  A deep elf high priest (Depths:3)
  4 rakshasas
  An anaconda (shapeshifter) (Vaults:3)
  Fannar (Lair:1)
  9 hydras
  12 ice dragons
  10 naga warriors
  6 merfolk aquamancers
  4 merfolk avatars
  A spriggan air mage (Depths:3)
  5 death knights
  3 entropy weavers
  5 centaur warriors
  9 anacondas
  3 alligator snapping turtles (Shoals:4)
  14 dancing weapons (Elf:2)
  13 deep troll earth magi
  16 ogre magi
  2 satyrs (Shoals:4)
  A tengu warrior (Depths:1)
  10 deep troll shamans
  15 naga sharpshooters
  A spectral dire elephant (Crypt:3)
  A storm dragon zombie (Crypt:2)
  3 vampire magi
  An orc high priest (Orc:3)
  6 spriggan berserkers
  Sonja (Lair:1)
  8 shock serpents
  8 hell knights (Depths:5)
  2 sun demons (Depths:1)
  2 salamander mystics
  A soul eater (Crypt:1)
  3 fire crabs
  3 iron trolls
  13 deep elf knights
  26 deep trolls
  25 skeletal warriors
  6 death scarabs (Tomb:1)
  9 shadow wraiths
  A golden dragon zombie (Crypt:1)
  An unseen horror (shapeshifter) (Elf:1)
  7 deep elf summoners
  An anaconda zombie (Crypt:1)
  14 ironbrand convokers
  3 unseen horrors
  6 giant orange brains
  A spectral hydra (Crypt:3)
  9 naga ritualists
  14 hill giants
  5 phantasmal warriors
  The ghost of Melk the Ducker, an experienced TrFi of Okawaru (D:5)
  18 sea snakes
  Pikel (D:5)
  3 wizards
  9 flayed ghosts
  5 harpies (Shoals:2)
  A giant orange brain (shapeshifter) (Vaults:5)
  A mana viper (shapeshifter) (Depths:2)
  14 deep elf conjurers
  A wolf spider zombie (Tomb:1)
  3 fauns (Shoals:1)
  13 mana vipers
  10 salamanders
  6 wolf spiders
  An anubis guard (Tomb:1)
  18 manticores
  8 necromancers
  6 hornets
  An oklob plant (Shoals:2)
  8 water nymphs
  56 ugly things
  A frost giant zombie (Crypt:2)
  An iron dragon zombie (Crypt:1)
  14 griffons
  13 orc knights
  An iron dragon skeleton (Crypt:1)
  21 slime creatures
  4 orc sorcerers
  3 elephants (Lair:4)
  12 sirens
  Maurice (Orc:2)
  A guardian serpent (Snake:3)
  9 cyclopes
  23 naga magi
  3 gargoyles
  A torpor snail (shapeshifter) (Crypt:1)
  15 spiny frogs
  Psyche (D:10)
  38 black mambas
  10 vault sentinels
  2 dire elephant skeletons
  A catoblepas zombie (Crypt:1)
  50 yaktaurs
  A demonic crawler (Crypt:1)
  7 kobold demonologists
  A fire drake (shapeshifter) (Depths:1)
  A yaktaur (shapeshifter) (D:13)
  3 fire drakes
  2 queen bees
  13 trolls
  14 komodo dragons
  7 freezing wraiths
  A redback zombie (D:13)
  An iron troll zombie (Crypt:2)
  4 tengu conjurers
  9 guardian mummies
  18 deep elf priests
  A death yak skeleton (Crypt:2)
  17 merfolk
  5 giant leeches (Lair:8)
  A two-headed ogre (shapeshifter) (Vaults:3)
  A wind drake (Shoals:4)
  A polar bear (shapeshifter) (Depths:4)
  12 polar bears
  4 jumping spiders
  Grinder (D:5)
  A hydra skeleton (Crypt:1)
  30 two-headed ogres
  4 bog bodies
  A hornet zombie (D:13)
  An ushabti (Tomb:1)
  11 boulder beetles
  A centaur simulacrum (D:15)
  A fire dragon zombie (Crypt:1)
  28 blink frogs
  69 flying skulls
  12 snapping turtles
  2 vampires (Crypt:1)
  A trapdoor spider (D:15)
  An ettin skeleton (Crypt:1)
  9 spriggans
  An ice dragon skeleton (Crypt:3)
  32 deep elf fighters
  A tarantella (shapeshifter) (Depths:3)
  6 redbacks
  39 vampire mosquitoes
  25 water elementals
  71 yaks
  25 deep elf magi
  A hill giant zombie (Crypt:1)
  2 wyverns
  17 humans (D:13)
  A yak (shapeshifter) (Depths:2)
  15 wraiths
  A wind drake skeleton (Crypt:1)
  A human (shapeshifter) (Depths:4)
  12 hippogriffs
  A hungry ghost (D:12)
  2 steam dragons
  19 shadows
  5 basilisks
  A wolf (shapeshifter) (Depths:2)
  5 wargs
  Menkaure (D:5)
  10 fire bats
  2 hogs (shapeshifter)
  A soldier ant (shapeshifter) (Vaults:3)
  A chaos spawn (Crypt:1)
  15 water moccasins
  41 nagas
  A soldier ant (D:6)
  A merfolk zombie (Crypt:1)
  A mottled dragon (Vaults:1)
  21 wolves
  12 porcupines
  10 wasps
  3 large abominations
  2 eyes of draining
  6 sky beasts
  Duvessa (D:5)
  18 black bears
  3 ice beasts
  An ice beast (shapeshifter) (Vaults:4)
  5 small abominations
  46 orc warriors
  54 ogres
  A spider (shapeshifter) (Depths:3)
  12 phantoms
  An elephant zombie (Lair:4)
  7 spiders (Snake:2)
  2 slaves (D:5)
  8 necrophages
  10 boggarts
  19 centaurs
  9 big kobolds
  11 crocodiles
  A crocodile (shapeshifter) (Vaults:2)
  The ghost of DecibelRebel the Magician, an average DEWz (D:3)
  2 wyvern zombies
  2 gnoll sergeants
  Dowan (D:5)
  30 giant frogs
  4 scorpions
  A yak zombie (Crypt:2)
  4 electric eels
  43 killer bees
  8 hounds
  9 crimson imps
  31 orc priests
  4 centaur zombies
  9 wights
  A basilisk zombie (Lair:4)
  36 orc wizards
  A giant frog skeleton (D:4)
  10 iguanas
  7 jellies
  3 lava snakes (Volcano)
  2 centaur skeletons
  3 giant frog zombies
  5 hell rats
  39 sheep
  A porcupine skeleton (Crypt:1)
  3 killer bee zombies
  9 worker ants
  2 crocodile zombies (Lair:4)
  An ogre skeleton (Crypt:2)
  A hound zombie (D:6)
  2 hound skeletons
  5 mummies (Tomb:1)
  15 gnolls
  121 river rats
  23 adders
  4 shadow imps
  2 adder zombies
  An ooze (D:5)
  2 adder skeletons
  A sheep skeleton (Crypt:2)
  3 worms (D:2)
  3 giant geckos
  172 orcs
  3 ball pythons
  6 giant cockroaches
  6 hobgoblins
  16 jackals
  5 quokkas
  8 bats
  8 giant newts
  A gnoll zombie (Crypt:2)
  9 goblins
  29 kobolds
  A quokka skeleton (Crypt:2)
  16 rats
  3 crawling corpses
  A lost soul (Crypt:2)
  3 plants
  5 tentacles (Shoals:2)
2696 creatures vanquished.

Vanquished Creatures (collateral kills)
  Mara (Vaults:2)
  Saint Roka (Snake:3)
  A vault warden (Vaults:3)
  An orc warlord (Orc:4)
  Aizul (Snake:3)
  A spriggan defender (Depths:3)
  A death knight (Vaults:3)
  A hydra (Lair:1)
  An orc high priest (Orc:4)
  A naga sharpshooter (Snake:4)
  An unseen horror (shapeshifter) (Depths:3)
  A naga ritualist (Snake:4)
  A wizard (Depths:3)
  An orc knight (Orc:4)
  A faun (Shoals:1)
  A siren (Shoals:3)
  4 manticores
  A naga mage (Snake:4)
  2 spiny frogs (Lair:8)
  A freezing wraith (Vaults:3)
  A merfolk (Shoals:4)
  3 blink frogs (Lair:8)
  A hippogriff (Shoals:3)
  5 nagas (Snake:4)
  10 orc warriors
  2 ogres
  2 killer bees (Depths:3)
  An orc priest (Orc:4)
  3 orc wizards
  5 orcs
57 creatures vanquished.

Vanquished Creatures (others)
  An ancient lich (Depths:3)
  A fire giant (Depths:4)
  A merfolk aquamancer (Shoals:4)
  A naga sharpshooter (Snake:4)
  A two-headed ogre (Vaults:4)
  A slave (D:5)
  A centaur (Depths:3)
  2 orcs (Orc:2)
  11 fungi
  6 lost souls
  20 plants
  9 tentacles (Shoals:2)
  682 tentacle segments (Shoals:2)
737 creatures vanquished.

Grand Total: 3490 creatures vanquished

Notes
Turn   | Place    | Note
--------------------------------------------------------------
     0 | D:1      | Grim the Minotaur Berserker began the quest for the Orb.
     0 | D:1      | Reached XP level 1. HP: 19/19 MP: 0/0
    26 | D:1      | Reached skill level 4 in Maces & Flails
   107 | D:1      | Reached XP level 2. HP: 15/26 MP: 1/1
   532 | D:1      | Acquired Trog's second power
   532 | D:1      | Reached skill level 5 in Maces & Flails
   714 | D:2      | Reached XP level 3. HP: 31/31 MP: 2/2
  1752 | D:3      | Reached XP level 4. HP: 39/39 MP: 3/3
  1768 | D:3      | Noticed DecibelRebel's ghost (average DEWz)
  1775 | D:3      | Killed DecibelRebel's ghost
  1775 | D:3      | Reached skill level 6 in Maces & Flails
  1823 | D:3      | Reached XP level 5. HP: 45/45 MP: 4/4
  1908 | D:3      | Reached skill level 7 in Maces & Flails
  2103 | D:3      | Found a white marble altar of Elyvilon.
  2342 | D:4      | Noticed an ogre
  2410 | D:4      | Killed an ogre
  2410 | D:4      | Reached skill level 8 in Maces & Flails
  2410 | D:4      | Reached XP level 6. HP: 51/51 MP: 5/5
  2501 | D:4      | Found a deep blue altar of Sif Muna.
  2841 | D:4      | Noticed an ogre
  2846 | D:4      | Killed an ogre
  2846 | D:4      | Reached skill level 9 in Maces & Flails
  2868 | D:4      | Reached XP level 7. HP: 50/57 MP: 6/6
  2919 | D:5      | Entered Level 5 of the Dungeon
  2928 | D:5      | Reached skill level 10 in Maces & Flails
  2938 | D:5      | Found a staircase to the Ecumenical Temple.
  2959 | D:5      | Noticed Melk's ghost (experienced TrFi)
  2968 | D:5      | Killed Melk's ghost
  2968 | D:5      | Reached skill level 12 in Maces & Flails
  2968 | D:5      | Reached XP level 8. HP: 56/64 MP: 7/7
  3020 | D:5      | Found a burning altar of Makhleb.
  3020 | D:5      | Noticed a cacodemon
  3021 | D:5      | Found a glowing silver altar of Zin.
  3021 | D:5      | Noticed an angel
  3170 | D:5      | Noticed Pikel
  3182 | D:5      | Killed Pikel
  3323 | D:5      | Noticed Menkaure
  3329 | D:5      | Reached XP level 9. HP: 74/81 MP: 8/8
  3333 | D:5      | Killed Menkaure
  3444 | D:5      | Found an opulent altar of Gozag.
  3537 | D:5      | Noticed Grinder
  3547 | D:5      | Killed Grinder
  3668 | D:5      | Noticed Dowan
  3669 | D:5      | Noticed Duvessa
  3675 | D:5      | Killed Duvessa
  3683 | D:5      | Killed Dowan
  3811 | D:5      | Reached skill level 10 in Fighting
  3910 | D:6      | Acquired Trog's third power
  3915 | D:6      | Found a shimmering altar of Xom.
  3917 | D:6      | Found a white marble altar of Elyvilon.
  3917 | D:6      | Found a shadowy altar of Dithmenos.
  3917 | D:6      | Found an iron altar of Okawaru.
  3921 | D:6      | Found a blossoming altar of Fedhas.
  4657 | D:6      | Found a sparkling altar of Nemelex Xobeh.
  5695 | D:8      | Found a shattered altar of Ashenzari.
  5766 | D:8      | Reached XP level 10. HP: 97/97 MP: 9/9
  5916 | D:8      | Got a flickering steel ring
  6268 | D:8      | Found a shadowy altar of Dithmenos.
  6292 | D:8      | Reached skill level 5 in Armour
  6391 | D:8      | Found a staircase to the Lair.
  7007 | D:9      | Identified the ring of Adaaggub {+/*Tele +Blink Stlth+} (You found it on level 8 of the Dungeon)
  7234 | D:9      | Found a radiant altar of Vehumet.
  7258 | D:9      | Found a deep blue altar of Sif Muna.
  7524 | D:9      | Found a bloodstained altar of Trog.
  7680 | D:9      | Reached skill level 10 in Armour
  8080 | D:10     | Entered Level 10 of the Dungeon
  8151 | D:10     | Noticed a cyclops
  8160 | D:10     | Killed a cyclops
  8160 | D:10     | Reached XP level 11. HP: 104/104 MP: 6/10
  8322 | Lair:1   | Entered Level 1 of the Lair of Beasts
  8416 | Lair:1   | Received a gift from Trog
  8470 | Lair:1   | Noticed Sonja
  8483 | Lair:1   | Killed Sonja
  9197 | Lair:1   | Noticed Fannar
  9219 | Lair:1   | Killed Fannar
  9219 | Lair:1   | Reached skill level 5 in Dodging
  9400 | Lair:1   | Noticed a seven-headed hydra
  9407 | Lair:1   | Killed a seven-headed hydra
 10108 | Lair:2   | Received a gift from Trog
 10961 | Lair:2   | Reached skill level 10 in Dodging
 10974 | Lair:2   | Reached XP level 12. HP: 95/112 MP: 1/11
 11598 | Lair:3   | Noticed Gastronok
 11609 | Lair:3   | Killed Gastronok
 12026 | Lair:3   | Noticed a six-headed hydra
 12035 | Lair:3   | Killed a six-headed hydra
 12040 | Lair:3   | Received a gift from Trog
 12527 | Lair:4   | Noticed Rupert
 12539 | Lair:4   | Killed Rupert
 12539 | Lair:4   | Reached skill level 13 in Maces & Flails
 12557 | Lair:4   | Reached skill level 14 in Maces & Flails
 13129 | Lair:4   | Noticed a five-headed hydra
 13153 | Lair:4   | Killed a five-headed hydra
 13312 | Lair:4   | Reached skill level 15 in Maces & Flails
 13656 | Lair:4   | Reached XP level 13. HP: 74/118 MP: 2/12
 14372 | Lair:5   | Found a shadowy altar of Dithmenos.
 14669 | Lair:5   | Found a staircase to the Snake Pit.
 15048 | Lair:5   | Reached skill level 16 in Maces & Flails
 16355 | Lair:6   | Found a staircase to the Shoals.
 16633 | Lair:6   | Received a gift from Trog
 16655 | Lair:6   | Got a translucent great mace {god gift}
 16656 | Lair:6   | Identified the +2 great mace "Xaqoehuyrr" {drain, rElec MR+ Int-3} (Trog gifted it to you on level 6 of the Lair of Beasts)
 17169 | Lair:7   | Found a dark tunnel.
 17180 | Volcano  | Entered a volcano
 17422 | Volcano  | Found a bloodstained altar of Trog.
 17715 | Lair:7   | Reached skill level 15 in Fighting
 17717 | Lair:7   | Found a staircase to the Slime Pits.
 17727 | Lair:7   | Found a viscous altar of Jiyva.
 17732 | Lair:7   | Received a gift from Trog
 18201 | Lair:7   | Reached XP level 14. HP: 95/136 MP: 8/13
 19039 | Lair:3   | Gained mutation: Your skin changes colour to match your surroundings (Stealth). [potion of mutation]
 19039 | Lair:3   | Gained mutation: Your spells are a little harder to cast, but a little more powerful. [potion of mutation]
 19166 | Lair:8   | Entered Level 8 of the Lair of Beasts
 19307 | Lair:8   | Received a gift from Trog
 21153 | D:10     | Noticed Psyche
 21162 | D:10     | Killed Psyche
 21162 | D:10     | Received a gift from Trog
 21277 | D:10     | Noticed a hill giant
 21284 | D:10     | Killed a hill giant
 22367 | D:11     | Reached skill level 15 in Armour
 23491 | D:12     | Received a gift from Trog
 23880 | D:12     | Found Diukecy's Distillery.
 23948 | D:12     | Noticed Maud
 23964 | D:12     | Killed Maud
 24014 | D:12     | Found a staircase to the Orcish Mines.
 24099 | D:12     | Identified the Almanac of Ensnaring Changing (You found it on level 12 of the Dungeon)
 24614 | D:13     | Reached XP level 15. HP: 140/145 MP: 14/14
 24625 | D:13     | Noticed Snorg
 24635 | D:13     | Killed Snorg
 24979 | D:13     | Got a faintly glowing plate armour
 25017 | D:13     | Identified the +1 plate armour of Birdsong {rC+} (You found it on level 13 of the Dungeon)
 25046 | D:13     | Received a gift from Trog
 25085 | D:13     | Found a gate to the Vaults.
 25774 | D:14     | Found Jyepnog's Weapon Boutique.
 25850 | D:14     | Gained mutation: You are frail (-10% HP). [potion of mutation]
 25850 | D:14     | Gained mutation: Your body sometimes deteriorates upon taking damage. [potion of mutation]
 25851 | D:14     | Lost mutation: You are frail (-10% HP). [potion of cure mutation]
 25851 | D:14     | Lost mutation: Your body sometimes deteriorates upon taking damage. [potion of cure mutation]
 25851 | D:14     | Lost mutation: Your spells are a little harder to cast, but a little more powerful. [potion of cure mutation]
 25851 | D:14     | Lost mutation: Your skin changes colour to match your surroundings (Stealth). [potion of cure mutation]
 26189 | D:15     | Entered Level 15 of the Dungeon
 26195 | D:15     | Noticed Restia's ghost (mighty FoFi)
 26223 | D:15     | Killed Restia's ghost
 26656 | D:15     | Reached skill level 15 in Dodging
 26963 | D:15     | Got an ichor-stained glaive
 26964 | D:15     | Identified the +9 glaive of the Dozen Mice {flame, MR+} (You found it on level 15 of the Dungeon)
 27200 | D:15     | Received a gift from Trog
 27372 | D:15     | Got a pair of steaming boots
 27378 | D:15     | Identified the +1 pair of boots of the Suburbs {*Drain +Fly rF+ rCorr} (You found it on level 15 of the Dungeon)
 27472 | D:15     | Found a staircase to the Depths.
 27910 | D:15     | Received a gift from Trog
 28093 | Orc:1    | Entered Level 1 of the Orcish Mines
 28445 | Orc:2    | Noticed Maurice
 28471 | Orc:2    | Killed Maurice
 28471 | Orc:2    | Reached skill level 1 in Bows
 28579 | Orc:2    | Found a roughly hewn altar of Beogh.
 28887 | Orc:2    | You fall through a shaft!
 28899 | Orc:3    | Received a gift from Trog
 29034 | Orc:1    | Found Sameon's Antique Weapon Shoppe.
 29528 | Orc:3    | Received a gift from Trog
 30020 | Orc:4    | Entered Level 4 of the Orcish Mines
 30330 | Orc:4    | Found Qehock's Antique Weapon Boutique.
 30331 | Orc:4    | Found a roughly hewn altar of Beogh.
 30806 | Orc:4    | Found Ydusatt's Antique Armour Boutique.
 30898 | Orc:4    | Found Lifoi's Jewellery Boutique.
 31017 | Orc:4    | Reached XP level 16. HP: 152/154 MP: 15/15
 31060 | Orc:4    | Bought the ring "Qoumousuf" {rC+ Str+4 SInv Stlth+} for 617 gold pieces
 31080 | Orc:4    | Found a staircase to the Elven Halls.
 31080 | Orc:4    | Found Tatuuxza's Antique Armour Shop.
 31248 | Orc:4    | Found Zecoadat's General Store.
 31627 | Lair:1   | Received a gift from Trog
 31630 | Lair:1   | Got a dazzling great mace {god gift}
 31631 | Lair:1   | Identified the +9 great mace of Subterfuge {crush, +Inv MR+ Int+2} (Trog gifted it to you on level 1 of the Lair of Beasts)
 31760 | Snake:1  | Entered Level 1 of the Snake Pit
 31845 | Snake:1  | Reached skill level 17 in Maces & Flails
 32070 | Snake:1  | Noticed Josephine
 32077 | Snake:1  | Killed Josephine
 33549 | Snake:2  | Reached skill level 18 in Maces & Flails
 34577 | Snake:2  | Reached skill level 19 in Maces & Flails
 36092 | Snake:3  | Received a gift from Trog
 36662 | Snake:3  | Noticed Saint Roka
 36663 | Snake:3  | Noticed Aizul
 36676 | Snake:3  | Killed Aizul
 36678 | Snake:3  | Reached skill level 20 in Maces & Flails
 36687 | Snake:3  | Killed Saint Roka
 37589 | Snake:3  | Noticed Wiglaf
 37597 | Snake:3  | Killed Wiglaf
 37753 | Snake:3  | Reached XP level 17. HP: 146/160 MP: 14/16
 38495 | Snake:3  | Reached skill level 21 in Maces & Flails
 38693 | Snake:4  | Entered Level 4 of the Snake Pit
 40452 | Snake:4  | Received a gift from Trog
 40458 | Snake:4  | Got a warped longbow {god gift}
 40459 | Snake:4  | Identified the +2 longbow of the Whale {flame, Str+3} (Trog gifted it to you on level 4 of the Snake Pit)
 41016 | Snake:4  | Reached skill level 5 in Bows
 41740 | Snake:4  | Upgraded the game from 0.17-a0-1850-g688e747 to 0.17-a0-1853-ge1bd2c8
 42010 | Snake:4  | Got a serpentine rune of Zot
 42017 | Snake:4  | Received a gift from Trog
 42925 | Shoals:1 | Entered Level 1 of the Shoals
 42925 | Shoals:1 | Noticed Donald
 42938 | Shoals:1 | Killed Donald
 42978 | Shoals:1 | Received a gift from Trog
 42982 | Shoals:1 | Got a smoking longbow {god gift}
 42983 | Shoals:1 | Identified the +9 longbow "Isiepryo" {flame, *Contam rC+ MR+++ Int+4} (Trog gifted it to you on level 1 of the Shoals)
 44481 | Shoals:1 | Noticed Frances
 44498 | Shoals:2 | Noticed Roxanne
 44504 | Shoals:1 | Reached XP level 18. HP: 61/170 MP: 10/17
 44979 | Shoals:1 | Reached skill level 10 in Bows
 45521 | Shoals:1 | Noticed Louise
 45585 | Shoals:1 | Killed Louise
 45891 | Shoals:2 | Killed Frances
 46945 | Shoals:2 | Killed Roxanne
 47280 | Shoals:2 | Found a sparkling altar of Nemelex Xobeh.
 47403 | Shoals:2 | Received a gift from Trog
 47653 | Shoals:2 | Got an ichor-stained lajatang
 47654 | Shoals:2 | Identified the +8 lajatang of Popular Demand {pain, rElec Int-5 Dex+6} (You found it on level 2 of the Shoals)
 48125 | Shoals:3 | Found Usipogg's Armour Shop.
 48155 | Shoals:3 | Bought a +0 pair of boots of flying for 207 gold pieces
 48194 | Shoals:3 | Bought a +0 crystal plate armour for 1440 gold pieces
 48845 | Shoals:4 | Entered Level 4 of the Shoals
 49156 | Shoals:4 | Noticed Nikola
 49168 | Shoals:4 | Killed Nikola
 49486 | Shoals:4 | Noticed Ilsuiw
 49516 | Shoals:4 | Killed Ilsuiw
 49558 | Shoals:4 | Received a gift from Trog
 50487 | Shoals:4 | Got a barnacled rune of Zot
 50531 | Shoals:4 | Received a gift from Trog
 51003 | Shoals:4 | Found Sesagr Ompe's Antique Weapon Shoppe.
 51182 | Shoals:4 | Identified Vehumet's Papyrus of Igneous Arcane Weapons
 51450 | Shoals:1 | Reached XP level 19. HP: 177/177 MP: 18/18
 51899 | D:15     | Received a gift from Trog
 51949 | Depths:1 | Entered Level 1 of the Depths
 52000 | Depths:1 | Found a gateway to a ziggurat.
 52262 | Depths:1 | Found Neladd's Antique Weapon Shoppe.
 52306 | Depths:1 | Received a gift from Trog
 52509 | Depths:1 | Found Oduliu Ysua's Gadget Shoppe.
 52512 | Depths:1 | Bought an ornate deck of summoning for 440 gold pieces
 52524 | Depths:1 | Found Nuerpham's Weapon Shoppe.
 52806 | Depths:1 | Found a gateway to Hell.
 53320 | Depths:1 | Received a gift from Trog
 53478 | Depths:1 | Found Fegian's Book Shoppe.
 53889 | Depths:2 | Found a one-way gate to the infinite horrors of the Abyss.
 54506 | Depths:2 | Received a gift from Trog
 54748 | Depths:2 | Got an ichor-stained dagger
 54749 | Depths:2 | Identified the cursed +1 dagger of Keklyes {drain, +Fly rF- Int+5 Dex+2} (You found it on level 2 of the Depths)
 54814 | Depths:2 | Got a flickering iron ring
 54816 | Depths:2 | Identified the ring of Xysisaj {*Corrode rElec Str+3 Stlth-} (You found it on level 2 of the Depths)
 55172 | Depths:2 | Reached skill level 15 in Bows
 55390 | Depths:2 | Noticed Jory
 55404 | Depths:2 | Killed Jory
 55580 | Depths:2 | Identified Sif Muna's Handbook of Virous Transformation (You found it on level 2 of the Depths)
 55803 | Depths:3 | Noticed Frederick
 55815 | Depths:3 | Killed Frederick
 55898 | Depths:3 | Received a gift from Trog
 55898 | Depths:3 | Reached XP level 20. HP: 184/184 MP: 19/19
 56630 | Depths:3 | Noticed a caustic shrike
 56632 | Depths:3 | Noticed a golden dragon
 56774 | Depths:3 | Killed a golden dragon
 56991 | Depths:3 | Reached skill level 5 in Shields
 56991 | Depths:3 | Reached XP level 21. HP: 103/191 MP: 20/20
 57238 | Depths:3 | Received a gift from Trog
 57501 | Depths:3 | Got a clouded emerald amulet
 57587 | Depths:3 | Killed a caustic shrike
 57812 | Depths:3 | Found a runed door.
 57822 | Depths:3 | Noticed a golden dragon
 57837 | Depths:3 | Killed a golden dragon
 57843 | Depths:3 | Received a gift from Trog
 58093 | Depths:3 | Noticed an ancient lich
 58106 | Depths:3 | Killed an ancient lich
 58124 | Depths:3 | HP: 2/191 [lich/blast of crystal shards (21)]
 58269 | Depths:3 | Received a gift from Trog
 58614 | Depths:3 | Got a steaming graven amulet
 60063 | Depths:3 | Paralysed by a sphinx for 2 turns
 60077 | Depths:3 | Received a gift from Trog
 60552 | Depths:3 | Found a one-way gate leading to the halls of Pandemonium.
 60579 | Depths:3 | Identified the amulet "Mickotz" {Gourm Str+5 Dex-5} (You took it off a spriggan defender on level 3 of the Depths)
 60581 | Depths:3 | Identified the amulet of Beru {+Rage rF+} (You took it off a frost giant on level 3 of the Depths)
 60605 | Depths:3 | Identified the Compendium of Enchantment (You found it on level 3 of the Depths)
 60641 | Depths:3 | Identified the Almanac of Dusty Transformation (You found it on level 3 of the Depths)
 60773 | Depths:4 | Reached XP level 22. HP: 200/200 MP: 21/21
 60832 | Depths:4 | Paralysed by a great orb of eyes for 4 turns
 61888 | Depths:4 | Received a gift from Trog
 62057 | Depths:4 | Received a gift from Trog
 62340 | Depths:4 | Got a dazzling morningstar
 62342 | Depths:4 | Identified the cursed +1 morningstar of Ysiexuw {flame, rC+} (You took it off an ogre mage on level 4 of the Depths)
 63443 | Depths:5 | Entered Level 5 of the Depths
 63464 | Depths:5 | Noticed Xtahua
 63481 | Depths:5 | Killed Xtahua
 64490 | Depths:5 | Found a gate to the Realm of Zot.
 64516 | Depths:5 | Received a gift from Trog
 65674 | Vaults:1 | Entered Level 1 of the Vaults
 66266 | Vaults:1 | Received a gift from Trog
 66966 | Vaults:1 | Reached XP level 23. HP: 205/217 MP: 22/22
 67125 | Vaults:1 | Received a gift from Trog
 67202 | Vaults:1 | Got a scorched longbow {god gift}
 67203 | Vaults:1 | Identified the +12 longbow "Iviepav" {velocity, rC- rN+ Str+4} (Trog gifted it to you on level 1 of the Vaults)
 68052 | Vaults:2 | Got an ichor-stained plate armour
 68063 | Vaults:2 | Identified the +2 plate armour "Joceis" {rN+ MR+} (You found it on level 2 of the Vaults)
 68085 | Vaults:2 | Noticed Mara
 68088 | Vaults:2 | Noticed Grim's illusion
 68090 | Vaults:2 | Killed Mara
 68147 | Vaults:2 | Found a blossoming altar of Fedhas.
 68884 | Vaults:2 | Received a gift from Trog
 69694 | Vaults:3 | Received a gift from Trog
 70165 | Vaults:3 | Found a staircase to the Crypt.
 70248 | Vaults:3 | Reached skill level 22 in Fighting
 70757 | Vaults:3 | Received a gift from Trog
 71399 | Vaults:3 | Paralysed by a great orb of eyes for 3 turns
 71893 | Vaults:1 | Received a gift from Trog
 72335 | Temple   | Entered the Ecumenical Temple
 72392 | Temple   | Fell from the grace of Trog
 72392 | Temple   | Became a worshipper of the Shining One
 72979 | Crypt:1  | Entered Level 1 of the Crypt
 73063 | Crypt:1  | Acquired the Shining One's first power
 73151 | Crypt:1  | Found a runed gate.
 73151 | Crypt:1  | Found a runed gate.
 73151 | Crypt:1  | Found a runed gate.
 73331 | Crypt:1  | Acquired the Shining One's second power
 73430 | Crypt:1  | Reached skill level 23 in Fighting
 73976 | Crypt:1  | Acquired the Shining One's third power
 74585 | Crypt:2  | Reached XP level 24. HP: 235/235 MP: 22/22
 75472 | Crypt:2  | Acquired the Shining One's fourth power
 75902 | Crypt:3  | Entered Level 3 of the Crypt
 75935 | Crypt:3  | Reached skill level 1 in Invocations
 76050 | Crypt:3  | Found a basalt altar of Yredelemnul.
 76242 | Crypt:3  | Reached skill level 5 in Invocations
 76512 | Crypt:3  | Noticed Khufu
 76528 | Crypt:3  | Killed Khufu
 76867 | Crypt:3  | Found a staircase to the Tomb.
 78595 | Vaults:4 | Learned a level 1 spell: Apportation
 78598 | Vaults:4 | Learned a level 2 spell: Shroud of Golubria
 78601 | Vaults:4 | Learned a level 2 spell: Blink
 78605 | Vaults:4 | Learned a level 3 spell: Portal Projectile
 78612 | Vaults:4 | Learned a level 6 spell: Deflect Missiles
 79118 | Depths:1 | Bought the Papyrus of Igneous Aid for 1198 gold pieces
 79127 | Depths:1 | Learned a level 6 spell: Haste
 79542 | Vaults:4 | Paralysed by a great orb of eyes for 7 turns
 79945 | Vaults:4 | Found Igough's Food Boutique.
 80042 | Vaults:4 | Paralysed by a hornet for 3 turns
 80122 | Vaults:4 | Reached skill level 24 in Fighting
 80142 | Vaults:4 | Reached skill level 10 in Invocations
 80930 | Elf:1    | Entered Level 1 of the Elven Halls
 80970 | Elf:1    | Found Uffankof's Weapon Emporium.
 81076 | Elf:1    | Found Vul Irgh's Gadget Boutique.
 81367 | Elf:1    | Found a portal to a secret trove of treasure.
 81460 | Elf:1    | Found Uriduxzi's Antique Armour Emporium.
 81463 | Elf:1    | Bought a pair of glowing boots for 103 gold pieces
 81815 | Elf:1    | Reached XP level 25. HP: 246/246 MP: 29/29
 81961 | Elf:1    | Found Bioreic's Gadget Shoppe.
 82390 | Elf:2    | Reached skill level 1 in Evocations
 82449 | Elf:2    | Found a runed gate.
 82449 | Elf:2    | Found a runed gate.
 82449 | Elf:2    | Found a runed gate.
 82668 | Elf:2    | Learned a level 2 spell: Repel Missiles
 82838 | D:12     | Identified a +9 sacred scourge of holy wrath (a +9 demon whip of venom blessed by the Shining One)
 82838 | D:12     | Received a gift from the Shining One
 85781 | Tomb:1   | Entered Level 1 of the Tomb of the Ancients
 87080 | Crypt:3  | Reached skill level 25 in Fighting
 87515 | Tomb:1   | Was forgiven by Trog
 88177 | Vaults:5 | Entered Level 5 of the Vaults
 88238 | Vaults:5 | Reached skill level 5 in Evocations
 88945 | Vaults:5 | Noticed ZiggyStardust's ghost (great FoFi)
 88987 | Vaults:5 | Reached skill level 26 in Fighting
 88988 | Vaults:5 | HP: 3/253 [deep elf knight/shard of ice (13)]
 88990 | Vaults:5 | The Shining One protects you from harm!
 88992 | Vaults:5 | Killed from afar by a storm dragon

Vault maps used:
D:1:      evilmike_arrival_plus, minmay_crystal_water
D:3:      elyvilon_altar_1
D:4:      overflow_temple_1_default, first_bread, corner_web_ring,
          minmay_misc_feat_roman, kennysheep_generic_room_8
D:5:      grunt_temple_overflow_order_and_chaos_2, minmay_temple_entry_grid,
          basic_altar, kennysheep_minor_cross, uniq_pikel, uniq_menkaure,
          uniq_duvessa, uniq_grinder
D:6:      nemelex_deck, grunt_temple_overflow_open, minmay_misc_feat_rows,
          st_stairs_13
D:8:      lair_0_dummy, basic_altar, nicolae_ashenzari_panopticon
D:9:      fiery_altar_vehumet, trog_ov_bears_minmay, basic_altar
D:10:     uniq_psyche
D:12:     orc_0_dummy, serial_shops, shop_fountains, uniq_maud
D:13:     grunt_vaults_entry_tiered, david_nohive_1, uniq_snorg
D:14:     serial_shops, shop_statue, serial_park_paths
D:15:     hangedman_depths_entry_try_elsewhere_first, glass_columns_c,
          lightli_corner_chamber
Temple:   nicolae_temple_great_sept
Lair:1:   uniq_fannar, uniq_sonja
Lair:2:   kennysheep_abandoned_house, beast_lair_carwin_1
Lair:3:   beast_lair_carwin_large_3, uniq_gastronok
Lair:4:   pond_and_an_island_with_a_cottage, uniq_rupert
Lair:5:   minmay_snake_entry_guardpost_small, basic_altar
Lair:6:   kennysheep_rathole, minmay_shoals_entry_beasts, grunt_megastairs_2
Lair:7:   slime_altar_1, enter_volcano_1, forest_entry_grove,
          serial_bayou_shore_b, grunt_megastairs_3
Lair:8:   minmay_lair_end_frog_pond
Shoals:1: cheibrodos_shoals_roost, uniq_frances, uniq_donald, uniq_louise
Shoals:2: lemuel_oklob_altar, uniq_roxanne
Shoals:3: serial_shops, shop
Shoals:4: serial_shops, shop, shoals_end_simple, shoals_ilsuiw_alternative,
          uniq_nikola
Snake:1:  nrook_loot_triangle, uniq_josephine
Snake:2:  spider_trap, serial_bayou_pond_d
Snake:3:  special_room, uniq_wiglaf, uniq_aizul, uniq_saint_roka
Snake:4:  snake_pit
Orc:1:    serial_shops, shop_fountains
Orc:2:    basic_altar, uniq_maurice
Orc:3:    nicolae_orc_pool_cavern
Orc:4:    grunt_orc_cross, serial_shops, shop
Elf:1:    minmay_elf_arrival_summoners, nicolae_trove_entry_crystal,
          serial_shops, nicolae_shop_window_shopping, shop, shop_statue,
          nicolae_shop_trees, evilmike_minifort
Vaults:1: nicolae_vaults_twisting_passages, vaults_room_hallway, v_misc_12,
          v_rooms_4, vaults_room_ringed_pool, vaults_standard_mumra_x,
          nicolae_vaults_diagonal_hallway_7, nicolae_vaults_little_squares_3,
          grunt_vaults_swirl, v_misc_26, nicolae_vaults_theta
Vaults:2: vaults_room_large_hall, nicolae_vaults_circle_grid_a,
          hangedman_vaults_impose, basic_altar, uniq_mara
Vaults:3: minmay_crypt_entry_simple_statues, st_spiral_rooms, v_rooms_1,
          vaults_room_corners, v_rooms_6, grunt_vaults_twisty,
          ontoclasm_vaults_decontamination, v_misc_16,
          grunt_vaults_hallway_long, vaults_mumra_hexcomb,
          hangedman_vaults_nails, ontoclasm_vaults_loading_screen
Vaults:4: hangedman_vaults_cutoff, nicolae_vaults_asterisk, vaults_room_boxed,
          ontoclasm_vaults_ligature, v_misc_2, nicolae_vaults_angled_halls,
          v_misc_4, ontoclasm_vaults_chip, vaults_room_hallway,
          vaults_room_fours, vaults_dpeg_ring, serial_shops, shop
Vaults:5: serial_shops
Crypt:1:  pandoras_box_mu, grunt_crypt_arrival_split
Crypt:2:  minmay_misc_feat_five
Crypt:3:  grunt_crypt_end_deaths_head
Depths:1: enter_ziggurat_f, serial_shops, shop_fountains, shop, shop,
          nicolae_shop_window_shopping, lightli_too_deep,
          kennysheep_generic_room_5
Depths:2: due_jory_tower, minmay_misc_feat_more_columns, abyss_entry, hell_entry
Depths:3: box_level_dp, hell_entry, pan_entry, abyss_entry, uniq_frederick
Depths:4: kennysheep_cluttered_fort, abyss_entry, hell_entry,
          minmay_three_doors, minmay_staircase_statues
Depths:5: grunt_zot_entry_tricorne, roderic_lattice_a, hell_entry,
          serial_bayou_shore_b, uniq_xtahua
Volcano:  volcano_grotto

Action                   |  1- 3 |  4- 6 |  7- 9 | 10-12 | 13-15 | 16-18 | 19-21 | 22-24 | 25-27 || total
-------------------------+-------+-------+-------+-------+-------+-------+-------+-------+-------++-------
Melee: Whip              |   106 |    63 |   219 |   551 |       |       |       |       |       ||   939
       Mace              |     7 |       |       |       |       |       |       |       |       ||     7
       Dire flail        |       |       |       |   280 |    13 |       |       |       |       ||   293
       Morningstar       |       |       |       |       |  1447 |    12 |       |       |       ||  1459
       Demon whip        |       |       |       |       |   256 |       |       |       |       ||   256
       Great mace        |       |       |       |       |       |  1175 |   870 |  2209 |   276 ||  4530
       Sacred scourge    |       |       |       |       |       |       |       |       |   355 ||   355
 Fire: Shortbow          |       |       |       |       |       |   201 |    40 |       |       ||   241
       Longbow           |       |       |       |       |       |       |       |     6 |       ||     6
Invok: Berserk           |       |     3 |     3 |    11 |    13 |    13 |     4 |     6 |       ||    53
       Trog's Hand       |       |     1 |     3 |     4 |     8 |    21 |    11 |     4 |       ||    52
       Brothers in Arms  |       |       |       |     1 |     5 |     7 |     3 |     3 |       ||    19
       Burn Spellbooks   |       |       |       |       |       |       |     1 |       |       ||     1
       Cleansing Flame   |       |       |       |       |       |       |       |       |     4 ||     4
       Summon Divine War |       |       |       |       |       |       |       |       |     4 ||     4
       Divine Shield     |       |       |       |       |       |       |       |       |     1 ||     1
       Brand Weapon With |       |       |       |       |       |       |       |       |     1 ||     1
 Abil: Stop Flying       |       |       |       |       |       |       |       |     1 |     1 ||     2
       Evoke Flight      |       |       |       |       |       |       |       |       |     1 ||     1
Evoke: Wand              |       |       |       |     2 |       |       |     1 |     2 |       ||     5
  Use: Scroll            |     6 |     4 |     3 |    10 |    20 |    26 |     6 |    13 |    11 ||    99
       Potion            |       |       |       |       |     3 |    10 |    12 |     6 |     2 ||    33
 Stab: Distracted        |       |       |       |       |     1 |       |     2 |     1 |       ||     4
  Eat: Chunk             |     3 |     5 |     4 |    10 |    29 |    13 |    22 |    37 |     8 ||   131
       Bread ration      |       |       |     1 |     5 |     3 |     5 |       |     4 |     2 ||    20
       Meat ration       |       |       |     1 |     1 |     3 |     7 |     3 |     1 |     1 ||    17
       Pizza             |       |       |       |     1 |     1 |     3 |     1 |     2 |       ||     8
       Beef jerky        |       |       |       |       |     3 |     4 |       |     2 |       ||     9
       Royal jelly       |       |       |       |       |     5 |     1 |       |     4 |       ||    10
       Fruit             |       |       |       |       |       |       |       |     1 |     4 ||     5
